Map: Divergence LE

Players

Ratl - Winner!

  • Race: Protoss Protoss
  • League: Silver
  • Spawn Location: 11:00

Chacal - Winner!

  • Race: Protoss Protoss
  • Spawn Location: 11:00

VOD

Have the link to the VOD?

Description

Time

  • Played on: Jan. 12, 2020, 3:02 p.m.
  • Length: 19:14
Show
View Real Time Build Order
Export as new Build Order

Ratl Protoss - Winner!

Build Orders:  

Get SALT Encoding   

  12  0:04  Probe (Chrono Boost)  
  14  0:20  Probe (Chrono Boost)  
  14  0:27  Pylon  
  14  0:37  Probe (Chrono Boost)  
  15  0:54  Probe (Chrono Boost)  
  15  0:56  Gateway  
  16  1:06  Probe (Chrono Boost)  
  17  1:18  Assimilator  
  9  1:20  Probe (Chrono Boost)  
  18  1:36  Probe (Chrono Boost)  
  19  1:42  Gateway  
  19  1:53  Probe (Chrono Boost)  
  20  2:00  Assimilator  
  20  2:05  Cybernetics Core  
  21  2:10  Probe (Chrono Boost)  
  21  2:27  Probe (Chrono Boost)  
  22  2:30  Pylon  
  22  2:44  Probe (Chrono Boost)  
  22  2:45  Pylon  
  23  2:55  Stalker  
  26  3:01  Probe (Chrono Boost)  
  26  3:11  Zealot  
  29  3:22  Probe (Chrono Boost)  
  29  3:38  Probe (Chrono Boost)  
  30  4:04  Stalker x2  
  35  4:12  Probe (Chrono Boost)  
  35  4:28  Pylon  
  35  4:29  Probe (Chrono Boost)  
  28  4:30  Warp Gate  
  36  4:37  Gateway x2  
  36  4:49  Stalker  
  38  4:53  Stalker  
  40  5:04  Probe (Chrono Boost)  
  41  5:12  Pylon  
  42  5:21  Probe (Chrono Boost)  
  42  5:30  Forge  
  42  5:36  Forge  
  42  6:01  Nexus  
  42  6:05  Assimilator  
  42  6:09  Assimilator  
  42  6:17  Pylon  
  42  6:19  Pylon  
  42  6:23  Pylon  
  42  6:27  Stalker  
  44  6:42  Pylon  
  44  6:52  Probe (Chrono Boost)  
  45  7:02  Probe (Chrono Boost)  
  46  7:13  Stargate  
  46  7:15  Probe  
  47  7:31  Protoss Ground Weapons Level 1 (Chrono Boost), Protoss Ground Armor Level 1 (Chrono Boost)  
  47  7:32  Probe  
  47  7:35  Stalker  
  46  8:18  Probe  
  46  8:19  Probe  
  48  8:35  Probe  
  48  8:36  Probe  
  50  8:52  Probe  
  50  8:56  Probe  
  52  9:09  Probe  
  53  9:13  Probe  
  54  9:26  Probe  
  55  9:46  Nexus  
  53  9:51  Pylon  
  53  9:52  Pylon  
  53  9:53  Pylon  
  53  9:54  Assimilator  
  53  9:57  Assimilator  
  53  10:04  Stalker  
  53  10:05  Stalker x2  
  53  10:06  Stalker  
  61  10:35  Robotics Facility  
  61  10:37  Robotics Facility  
  61  10:40  Gateway, Twilight Council  
  61  10:49  Gateway  
  61  10:51  Gateway  
  61  10:59  Stalker x4  
  69  11:31  Probe (Chrono Boost)  
  69  11:32  Probe (Chrono Boost)  
  69  11:33  Probe (Chrono Boost), Gateway  
  69  11:35  Gateway  
  72  11:40  Gateway  
  72  11:43  Probe (Chrono Boost)  
  72  11:45  Probe (Chrono Boost)  
  72  11:48  Warp Prism  
  77  11:51  Probe (Chrono Boost)  
  77  11:53  Immortal  
  77  11:55  Probe (Chrono Boost), Protoss Ground Armor Level 2  
  77  11:56  Protoss Ground Weapons Level 2  
  77  11:58  Probe (Chrono Boost)  
  83  12:08  Probe (Chrono Boost)  
  85  12:12  Probe (Chrono Boost)  
  85  12:23  Stalker x2  
  85  12:25  Probe (Chrono Boost)  
  90  12:38  Immortal  
  94  13:18  Immortal  
  98  13:33  Robotics Bay  
  94  13:57  Stalker x4  
  94  13:58  Stalker x2  
  94  13:59  Stalker x2  
  106  14:07  Stalker x2  
  110  14:59  Zealot  
  112  15:00  Zealot x8  
  112  15:06  Blink  
  126  15:36  Zealot  
  126  15:37  Zealot x7  
  140  17:14  Pylon  
  140  17:16  Pylon  
  140  17:17  Pylon  
  140  17:20  Pylon  
  140  17:22  Pylon  
  140  17:39  Colossus  
  146  17:41  Colossus  
  152  18:14  Stalker x2  
  152  18:15  Stalker x4  
  152  18:16  Stalker x3  
  152  18:17  Stalker  
  178  19:03  Stalker  
Show
View Real Time Build Order
Export as new Build Order

Chacal Protoss - Winner!

Build Orders:  

Get SALT Encoding   

  12  0:06  Probe (Chrono Boost)  
  13  0:23  Probe (Chrono Boost)  
  13  0:29  Assimilator  
  15  0:40  Probe (Chrono Boost)  
  15  0:53  Assimilator  
  15  1:59  Pylon  
  15  2:21  Pylon  
  15  2:27  Probe (Chrono Boost)  
  16  2:38  Gateway  
  16  2:44  Probe (Chrono Boost)  
  17  2:51  Forge  
  18  3:01  Probe (Chrono Boost)  
  18  3:18  Probe (Chrono Boost)  
  19  3:35  Probe (Chrono Boost)  
  21  3:51  Probe (Chrono Boost)  
  21  3:57  Nexus  
  21  4:08  Probe (Chrono Boost)  
  22  4:25  Probe (Chrono Boost)  
  23  4:41  Zealot  
  23  4:42  Probe (Chrono Boost)  
  26  4:50  Protoss Ground Weapons Level 1  
  26  5:19  Zealot  
  28  5:35  Pylon  
  28  5:44  Probe (Chrono Boost)  
  30  6:01  Probe (Chrono Boost)  
  30  6:18  Probe (Chrono Boost)  
  31  6:35  Probe (Chrono Boost)  
  33  6:52  Probe (Chrono Boost)  
  33  7:08  Probe (Chrono Boost)  
  34  7:25  Probe (Chrono Boost)  
  35  7:33  Photon Cannon  
  36  7:50  Protoss Ground Armor Level 1  
  36  7:52  Probe (Chrono Boost)  
  36  8:09  Probe (Chrono Boost)  
  37  8:25  Zealot  
  37  8:26  Probe (Chrono Boost)  
  40  8:43  Probe (Chrono Boost)  
  55  9:00  Probe (Chrono Boost)  
  42  9:03  Zealot  
  44  9:48  Assimilator  
  44  9:49  Nexus  
  44  10:08  Assimilator  
  44  10:50  Protoss Shields Level 1, Cybernetics Core  
  44  11:48  Shield Battery  
  44  12:10  Protoss Air Weapons Level 1  
  44  12:11  Twilight Council  
  44  12:21  Stargate  
  44  12:26  Pylon  
  44  12:55  Robotics Facility  
  44  14:27  Phoenix  
  46  14:34  Zealot  
  48  14:47  Protoss Ground Weapons Level 2  
  48  15:04  Oracle  
  51  15:10  Protoss Air Armor Level 1  
  53  15:54  Unknown, Stalker  
  55  16:36  Sentry  
  57  17:07  Charge  
  59  17:55  Unknown, Zealot  
Tags
 
League
Silver
Matchup
Co-op
Add a new tag
Caveats
  • Supply blocks, unpowered buildings, or Contaminate may cause inaccurate times.
  • Supply counts are checked every 10 seconds.